 Dungeon Crawl Stone Soup version 0.32-a0-391-gce5c0aab1b (webtiles) character file.

Game seed: 14626386355196982208

1049 cforsyth the Slasher (level 8, -12/64 HPs)
             Began as a Coglin Gladiator on Feb 20, 2024.
             Mangled by an ogre
             ... wielding a +0 giant club
              (14 damage)
             ... on level 5 of the Dungeon.
             The game lasted 00:06:35 (4506 turns).

cforsyth the Slasher (Coglin Gladiator)             Turns: 4506, Time: 00:06:35

Health: -12/64     AC:  7    Str: 15    XL:     8   Next: 25%
Magic:  8/8        EV: 14    Int:  8    God:
Gold:   701        SH:  5    Dex: 17    Spells: 7/7 levels left

rFire   + . .        a - +0 long sword {Citlalmina}
rCold   . . .        n - +2 dagger (holy) {Chakide}
rNeg    + . .        b - +0 leather armour
rPois   .            c - +0 helmet
rElec   .            (no cloak)
rCorr   .            f - +2 pair of gloves of the Slorg {rF+ rN+}
SInv    .            (no boots)
Will    .....        w - amulet of reflection
Stlth   +            (no ring)
HPRegen 0.30/turn    (no ring)
MPRegen 0.11/turn

%: reflection
@: revved, stiff-legged, very slow
A: off-hand wielding, slow wielding, warmup strikes, warmup strides
a: no special abilities


You were on level 5 of the Dungeon.
You visited 1 branch of the dungeon, and saw 5 of its levels.

You collected 701 gold pieces.


Innate Abilities, Weirdness & Mutations

You can wield a second weapon in your off-hand.
It takes a long time for you to wield or remove held weapons.
Your first few attacks do less damage.
Your first movements take longer.


   Skills:
 + Level 5.8 Fighting
 + Level 6.1 Long Blades
 - Level 1.7 Throwing
 + Level 5.6 Dodging


You had 7 spell levels left.
You didn't know any spells.
Your spell library contained the following spells:

 Spells                   Type           Power      Damage    Failure   Level
 Dazzling Flash           Conj/Hex       0%         N/A       85%         3
 Mephitic Cloud           Conj/Alch/Air  0%         N/A       85%         3
 Curse of Agony           Necr           0%         N/A       100%        5
 Silence                  Hex/Air        0%         N/A       100%        5

Inventory:

Hand Weapons
 a - a +0 long sword (weapon) {Citlalmina}
 n - a +2 dagger of holy wrath (worn) {Chakide}
Missiles
 d - 3 throwing nets (quivered) {=f}
 e - a javelin
Armour
 b - a +0 leather armour (worn)
 c - a +0 helmet (worn)
 f - the +2 pair of gloves of the Slorg (worn) {rF+ rN+}
   (You acquired it on level 3 of the Dungeon)

   rF+:       It protects you from fire.
   rN+:       It protects you from negative energy.
 A - a scarf of invisibility
Magical Staves
 r - a staff of conjuration {!a}
 B - a staff of alchemy {!a}
Jewellery
 q - an amulet of the acrobat
 w - an amulet of reflection (around neck)
 F - a ring of fire
Wands
 m - a wand of acid (8)
 p - a wand of roots (8)
Scrolls
 i - a scroll of blinking
 j - 2 scrolls of enchant armour
 k - a scroll of revelation
 l - a scroll of noise
 s - 3 scrolls of teleportation {@r2}
 t - a scroll of fog {unknown}
 v - 2 scrolls of enchant weapon {unknown}
 y - a scroll of vulnerability {unknown}
Potions
 g - a potion of mutation
 h - 2 potions of berserk rage {!q}
 o - a potion of enlightenment
 u - a potion of lignification
 x - a potion of curing {unknown}
 z - 2 potions of ambrosia {unknown}

Dungeon Overview and Level Annotations

Branches:
Dungeon (5/15)
 Temple: D:4-7

Altars:
###...#.#### ##.....#.#o........ ............ O?................ ###...#.#### #....# #......... ##....# ###.#.# #.o.....# #.#### #.)...# #.o...# #.# #.##### #ooo#

#.# #)# #'# #.#
#O# #.# #.# #@#
#.## #.# #.#
##..## ####.# #.#
###....## .....#
#.# #........
###### #.#####
#.#....#. #>....#
#.##..##.
#####.####.##).##.
#......))..##.
######.##)###.


You could see an ogre.


Message History

Unknown command.
You hit the ogre with your +2 dagger of holy wrath.
The ogre is lightly wounded.
You barely miss the ogre with your +0 long sword.
The ogre barely misses you.
You hit the ogre with your +2 dagger of holy wrath.
The ogre is moderately wounded.
You slash the ogre with your +0 long sword!
You block the ogre's attack.
You barely miss the ogre with your +0 long sword.
The ogre is severely wounded.
You barely miss the ogre with your +2 dagger of holy wrath.
You hit the ogre with your +2 dagger of holy wrath.
The ogre is almost dead.
You barely miss the ogre with your +0 long sword.
The ogre hits you with a +0 giant club!!
* * * LOW HITPOINT WARNING * * *
You hit the ogre with your +2 dagger of holy wrath.
The ogre is almost dead.
You hit the ogre but do no damage. The ogre hits you with a +0 giant club!
* * * LOW HITPOINT WARNING * * *
Unknown command.
You hit the ogre but do no damage.
The ogre is almost dead.
You hit the ogre with your +2 dagger of holy wrath.
You hit the ogre with your +0 long sword.
The ogre is almost dead.
You hit the ogre with your +2 dagger of holy wrath.
The ogre hits you with a +0 giant club!
You die...

Skill      XL: |  1  2  3  4  5  6  7  8 |
---------------+-------------------------+-----
Dodging        | 3 4 5 |  5.6
Fighting       | 3 4 5 |  5.8
Long Blades    | 4 5 6 |  6.1
Throwing       | |  1.7

Action                     |  1- 3 |  4- 6 |  7- 9 || total
---------------------------+-------+-------+-------++-------
  Melee: Long sword        |    65 |   120 |    88 ||   273
         Dagger            |       |   115 |    84 ||   199
  Evoke: Wand              |       |       |     2 ||     2
    Use: Scroll            |       |     7 |     2 ||     9
         Potion            |       |     6 |       ||     6
   Stab: Sleeping          |     1 |     1 |     1 ||     3
 Armour: Leather armour    |    42 |    80 |    38 ||   160
  Dodge: Dodged            |    36 |    88 |    42 ||   166
  Block: Other             |       |       |     7 ||     7

Levels and vault maps discovered:
D:1:      dpeg_arrival_stone_temple_mockup, layout_basic, minmay_small_reverse_x
D:2:      layout_basic, uniq_jessica, uniq_robin
D:3:      layout_basic, ebering_ghost_sewer_d, serial_aquarium,
          aquarium_bridge_long_joined [aquarium_subvault_bridge,
          aquarium_subvault_bridge, aquarium_subvault_balcony,
          aquarium_subvault_wall, aquarium_subvault_wall,
          aquarium_subvault_wall], aquarium_window_fake, aquarium_window_2,
          aquarium_window_1, aquarium_view_2b, aquarium_balcony_1a,
          aquarium_pool_double, uniq_ijyb
D:4:      layout_rooms
D:5:      layout_loops_corners, uniq_duvessa, uniq_prince_ribbit1,
          uniq_crazy_yiuf_cottage

Notes
Turn   | Place    | Note
-------+----------+-------------------------------------------
     0 | D:1      | cforsyth the Coglin Gladiator began the quest for the Orb.
     0 | D:1      | Reached XP level 1. HP: 16/16 MP: 1/1
    53 | D:1      | Reached XP level 2. HP: 7/22 MP: 2/2
   214 | D:1      | Reached skill level 3 in Dodging
   299 | D:1      | Reached XP level 3. HP: 27/28 MP: 3/3
   980 | D:2      | Noticed Jessica
   985 | D:2      | Killed Jessica
   986 | D:2      | Reached skill level 3 in Fighting
   986 | D:2      | Reached XP level 4. HP: 30/35 MP: 4/4
  1265 | D:2      | Noticed Robin
  1267 | D:2      | Reached skill level 4 in Long Blades
  1271 | D:2      | Reached XP level 5. HP: 28/41 MP: 5/5
  1284 | D:2      | Killed Robin
  1799 | D:3      | Noticed Ijyb
  1807 | D:3      | HP: 2/41 [Ijyb/bolt of acid (19)]
  1813 | D:3      | Identified 2 scrolls of acquirement
  1813 | D:3      | Acquired 458 gold pieces
  1841 | D:3      | Acquired the +2 pair of gloves of the Slorg {rF+ rN+}
  2041 | D:3      | HP: 2/42 [Ijyb/bolt of acid (22)]
  2046 | D:3      | Killed Ijyb
  2222 | D:3      | Reached skill level 4 in Dodging
  2248 | D:3      | Reached XP level 6. HP: 48/48 MP: 6/6
  2647 | D:3      | Found a runed translucent door.
  2649 | D:3      | Noticed Sobieck's ghost (amateur CoHu)
  2929 | D:3      | Killed Sobieck's ghost
  2930 | D:3      | Reached skill level 4 in Fighting
  3115 | D:4      | Reached skill level 5 in Long Blades
  3115 | D:4      | Reached XP level 7. HP: 52/55 MP: 7/7
  3482 | D:5      | Entered Level 5 of the Dungeon
  3809 | D:5      | Noticed Prince Ribbit
  3822 | D:5      | Killed Prince Ribbit
  3823 | D:5      | Reached skill level 5 in Fighting
  3823 | D:5      | Reached skill level 5 in Dodging
  4059 | D:5      | Reached XP level 8. HP: 61/62 MP: 8/8
  4349 | D:5      | Reached skill level 6 in Long Blades
  4504 | D:5      | HP: 1/64 [ogre/+0 giant club (14)]
  4506 | D:5      | Mangled by an ogre

Vanquished Creatures
  Prince Ribbit (D:5)
  The ghost of Sobieck the Shooter, an amateur CoHu of Qazlal (D:3)
  An ogre (D:5)
  A scorpion (D:4)
  A bombardier beetle (D:5)
  4 hounds (D:5)
  An orc priest (D:5)
  Jessica (D:2)
  Ijyb (D:3)
  3 orc wizards
  Robin (D:2)
  7 adders
  2 dart slugs (D:4)
  14 orcs
  5 ball pythons
  11 endoplasms
  4 giant cockroaches
  14 goblins
  7 hobgoblins
  9 jackals
  6 kobolds
  3 quokkas
  3 bats
  4 frilled lizards
  6 rats
111 creatures vanquished.

Table legend: (Time is in decaauts)
 A = Elapsed time spent in this place.
 B = Non-inter-level travel time spent in this place.
 C = Inter-level travel time spent in this place.
 D = Time resting spent in this place.
 E = Time spent auto-exploring this place.
 F = Levels seen in this place.
 G = Mean time per level.
                   A        B        C        D        E       F      G
               +--------+--------+--------+--------+--------+-----+--------+
         Total |   4682 |   4482 |    200 |    281 |   3454 |   5 |  936.4 |
       Dungeon |   4682 |   4482 |    200 |    281 |   3454 |   5 |  936.4 |
               +--------+--------+--------+--------+--------+-----+--------+

Top non-repeatable levels by time:
     D:3: 1485 daAuts
     D:5: 1042 daAuts
     D:1: 994 daAuts
     D:2: 696 daAuts
     D:4: 464 daAuts

Table legend:
 A = Non-vault XP
 B = Vault XP
 C = Vault XP percentage of total XP
 D = Non-vault monster count
 E = Vault monster count
 F = Vault count percentage of total count
                 A         B        C        D         E       F
            +---------+---------+-------+---------+---------+-------
      Total |     869 |     630 |  42.0 |      87 |      24 |  21.6
            +---------+---------+-------+---------+---------+-------
        D:1 |      67 |      11 |  14.1 |      25 |       4 |  13.8
        D:2 |      51 |      89 |  63.6 |      10 |      14 |  58.3
        D:3 |      45 |     265 |  85.5 |      16 |       5 |  23.8
        D:4 |     182 |       0 |   0.0 |      17 |       0 |   0.0
        D:5 |     524 |     265 |  33.6 |      19 |       1 |   5.0
            +---------+---------+-------+---------+---------+-------
